 Dungeon Crawl Stone Soup version 0.29.0-15-g675c0067aa (webtiles) character file.

Game seed: 7964098061584945020

1 qw the Sneak (level 1, -2/14 HPs)
             Began as a Gargoyle Delver on Sept 11, 2022.
             Splashed by a jelly's acid (5 damage)
             ... on level 4 of the Dungeon.
             The game lasted 00:00:02 (110 turns).

qw the Sneak (Gargoyle Delver)                       Turns: 110, Time: 00:00:03

Health: -2/14      AC:  1    Str: 15    XL:     1   Next: 20%
Magic:  1/1        EV: 11    Int: 10    God:
Gold:   20         SH:  0    Dex: 11    Spells: 0/0 levels left

rFire   . . .      SeeInvis .   a - +0 hand axe
rCold   . . .      Faith    .   (no shield)
rNeg    + . .      Spirit   .   b - +0 leather armour
rPois   inf        Reflect  .   (no helmet)
rElec   +          Harm     .   (no cloak)
rCorr   .          Rampage  .   (no gloves)
Will    .....                   (no boots)
Stlth   +++.......              (no amulet)
HPRegen 0.04/turn               (no ring)
MPRegen 0.07/turn               (no ring)

@: corroded
A: sickness immunity, AC +2, negative energy resistance 1, electricity
resistance, torment resistance 1, petrification resistance
a: no special abilities


You were on level 4 of the Dungeon.
You visited 1 branch of the dungeon, and saw 2 of its levels.

You collected 20 gold pieces.


Innate Abilities, Weirdness & Mutations

You are immune to sickness and miasma.
Your stone body is resilient. (AC +2)
You are immune to poison.
You resist negative energy. (rN+)
You are resistant to electric shocks. (rElec)
You are resistant to unholy torment.
You are immune to petrification.


   Skills:
 - Level 3.2 Fighting
 + Level 1.9 Axes
 - Level 1.5 Dodging
 - Level 5.4 Stealth


You couldn't memorise any spells.
You didn't know any spells.
Your spell library was empty.

Inventory:

Hand Weapons
 a - a +0 hand axe (weapon)
Missiles
 d - 5 javelins (quivered)
Armour
 b - a +0 leather armour (worn)
Wands
 g - a wand of digging (3)
Scrolls
 c - 2 scrolls of identify {unknown}
Potions
 f - a potion of haste

Dungeon Overview and Level Annotations

Branches:
Dungeon (5/15)
 Temple: D:4-7

Altars:


Message History

16 ||| FLEEEEING.
A jackal comes into view.
17 ||| FLEEEEING.
An orc comes into view.
It is wielding a +0 hand axe and wearing a +1 leather armour of cold resistance.
There is a stone staircase leading up here.
18 ||| STAIRDANCE The orc shouts!
You climb upwards.
You hear the hiss of flowing sand.
There is an entrance to an ossuary on this level.
Hurry and find it before the portal is buried!
There is a stone staircase leading down here.
Existing waypoints: (2) D:5 Assign waypoint to what number? (0-9, D - delete waypoint) Waypoint 1 assigned to D:4.
20 ||| PLANNING OSSUARY The helpless hobgoblin fails to defend itself.
You slash the hobgoblin!
You kill the hobgoblin!
You open the door.
There is an open door here.
You open the door.
There is an open door here.
Found a stone staircase leading up.
c - a scroll labelled TIJISO LIFAL
c - 2 scrolls labelled TIJISO LIFAL (gained 1)
You now have 20 gold pieces.
You hear the slow hiss of a very distant avalanche of sand.
d - 5 javelins
Found 6 stones.
Enter note:
Enter note: A jelly comes into view.
The helpless jelly fails to defend itself.
You slash the jelly!
Your hands burn!
The jelly is heavily wounded.
The jelly hits you. The acid corrodes you!
You are splashed with acid!
Ouch! That really hurt!
You hit the jelly.
Your hands burn!
You die...

#....#
#..........#
#....#
#.#.....####
..#...
#.#........#
######
#.#.###.#.##
#.#..(..#.#
#.#..#### #
#.#..#
#.#..####.#
#.#..@J...#
........#####
..#.##..# #.
#..# # #..#
#..# ...#
...#


You could see a jelly.

Vanquished Creatures
  A hobgoblin (D:4)
1 creature vanquished.

Notes
Turn   | Place    | Note
-------+----------+-------------------------------------------
     0 | D:5      | qw the Gargoyle Delver began the quest for the Orb.
     0 | D:5      | Reached XP level 1. HP: 14/14 MP: 1/1
     0 | D:5      | 0 ||| qw: Version: 0.1-a-117-gfe26ee0
     0 | D:5      | 0 ||| qw: Game counter: 9853
     0 | D:5      | 0 ||| qw: Always use a shield: true
     0 | D:5      | 0 ||| qw: God list: Okawaru
     0 | D:5      | 0 ||| qw: Allow faded altars: false
     0 | D:5      | 0 ||| qw: Do Orc after D:15 true
     0 | D:5      | 0 ||| qw: Do second Lair branch before Depths: true
     0 | D:5      | 0 ||| qw: Lair rune preference: random
     0 | D:5      | 0 ||| qw: Plans: Normal
     0 | D:5      | 0 ||| PLANNING D:1-11
    10 | D:5      | 10 ||| DROPPING scroll of fog.
    11 | D:5      | 11 ||| DROPPING scroll of magic mapping.
    12 | D:5      | 12 ||| DROPPING scroll of fear.
    16 | D:5      | 16 ||| FLEEEEING.
    17 | D:5      | 17 ||| FLEEEEING.
    18 | D:5      | 18 ||| STAIRDANCE
    20 | D:4      | 20 ||| PLANNING OSSUARY
    97 | D:4      | Noticed a jelly
   109 | D:4      | HP: 3/14 [acid (8)]
   110 | D:4      | Splashed by a jelly's acid

Levels and vault maps discovered:
D:4:      cheibrodos_greedy_goblins, layout_basic, enter_ossuary_2,
          uniq_natasha, uniq_crazy_yiuf_cottage
D:5:      layout_basic, mainiacjoe_overflow_concentric_impassable,
          kennysheep_generic_room_13, uniq_prince_ribbit1, uniq_pikel,
          uniq_duvessa, uniq_edmund, uniq_eustachio, uniq_menkaure

Action                   || total
-------------------------++-------
Melee: Hand axe          ||     3
 Stab: Sleeping          ||     2

Table legend:
 A = Non-vault XP
 B = Vault XP
 C = Vault XP percentage of total XP
 D = Non-vault monster count
 E = Vault monster count
 F = Vault count percentage of total count
                 A         B        C        D         E       F
            +---------+---------+-------+---------+---------+-------
      Total |       2 |       0 |   0.0 |       1 |       0 |   0.0
            +---------+---------+-------+---------+---------+-------
        D:4 |       2 |       0 |   0.0 |       1 |       0 |   0.0
            +---------+---------+-------+---------+---------+-------
